 Dungeon Crawl Stone Soup version 0.30-a0-475-g03497ec522 (webtiles) character file.

Game seed: 11420048135300022008

191 PyroL the Grasshopper (level 5, -2/45 HPs)
             Began as a Draconian Warper on Dec 21, 2022.
             Succumbed to a water moccasin's poison
             ... on level 4 of the Dungeon.
             The game lasted 00:07:24 (3013 turns).

PyroL the Grasshopper (Draconian Warper)            Turns: 3013, Time: 00:07:25

Health: -2/45      AC:  6    Str: 14    XL:     5   Next: 41%
Magic:  11/11      EV: 12    Int: 15    God:
Gold:   259        SH:  0    Dex: 10    Spells: 10/12 levels left

rFire   + . .      SeeInvis .    o - +4 dagger
rCold   + . .      Faith    .    (no shield)
rNeg    . . .      Spirit   .    (body armour unavailable)
rPois   +          Reflect  .    (helmet restricted)
rElec   +          Harm     .    (no cloak)
rCorr   +          Rampage  .    (no gloves)
Will    .....                    a - +0 pair of boots
Stlth   +.........               (no amulet)
HPRegen 0.27/turn                (no ring)
MPRegen 0.12/turn                (no ring)

@: mighty, lethally poisoned (-2 -> -17), resistant
A: AC +5, unfitting armour, cold-blooded
a: no special abilities


You were on level 4 of the Dungeon.
You visited 1 branch of the dungeon, and saw 4 of its levels.

You collected 259 gold pieces.

Inventory:

Hand Weapons
 o - a +4 dagger (weapon)
Missiles
 c - 7 boomerangs of dispersal (quivered)
 k - 5 curare-tipped darts
 s - 3 boomerangs
Armour
 a - a +0 pair of boots (worn)
Scrolls
 b - a scroll of blinking
 d - a scroll of immolation
 e - a scroll of amnesia
 f - 3 scrolls of identify {unknown}
 h - a scroll of brand weapon {unknown}
 i - 2 scrolls of vulnerability {unknown}
 j - 2 scrolls of teleportation {unknown}
 l - a scroll of summoning {unknown}
 n - a scroll of enchant armour {unknown}
 t - a scroll of torment {unknown}
 u - a scroll of fear {unknown}
Potions
 p - a potion of brilliance {unknown}
 q - 2 potions of haste
 r - a potion of curing {unknown}
 v - a potion of heal wounds {unknown}


   Skills:
 - Level 3.1 Fighting
 - Level 2.0 Maces & Flails
 - Level 0.9 Throwing
 - Level 2.1 Dodging
 - Level 4.0 Spellcasting
 + Level 4.3 Translocations


You had 10 spell levels left.
You knew the following spells:

 Your Spells              Type           Power      Damage    Failure   Level
a - Blink                 Tloc           32%        N/A       4%          2

Your spell library contained the following spells:

 Spells                   Type           Power      Damage    Failure   Level
 Lesser Beckoning         Tloc           32%        N/A       9%          3
 Teleport Other           Tloc           16%        N/A       9%          3
 Slow                     Hex            12%        N/A       19%         1
 Vhi's Electric Charge    Tloc/Air       18%        N/A       22%         3
 Manifold Assault         Tloc           16%        N/A       30%         4
 Confusing Touch          Hex            3%         N/A       47%         3
 Dazzling Flash           Conj/Hex       6%         N/A       47%         3
 Summon Guardian Golem    Hex/Summ       3%         N/A       47%         3
 Vampiric Draining        Necr           3%         2d6       47%         3
 Iskenderun's Mystic Bla  Conj/Tloc      9%         2d4       58%         4
 Summon Forest            Summ/Tloc      4%         N/A       90%         5
 Eringya's Noxious Bog    Tmut/Pois      1%         N/A       100%        6
 Starburst                Conj/Fire      1%         6d3       100%        6
 Orb of Destruction       Conj           1%         9d5       100%        7
 Spellforged Servitor     Conj/Summ      1%         N/A       100%        7
 Summon Hydra             Summ           1%         N/A       100%        7


Dungeon Overview and Level Annotations

Branches:
Dungeon (4/15)
 Temple: D:4-7

Altars:
Cheibriados
Okawaru
Qazlal
Sif Muna


Innate Abilities, Weirdness & Mutations

Your plain brown scales are hard. (AC +5)
You cannot fit into any form of body armour.
You are cold-blooded and may be slowed by cold attacks.


Message History

The water moccasin completely misses you.
You hit the water moccasin.
The water moccasin is moderately wounded.
The water moccasin bites you.
You are poisoned.
The water moccasin poisons you! The water moccasin barely misses you.
You hit the water moccasin.
Your tail-slap misses the water moccasin.
The water moccasin is moderately wounded.
You feel very sick. The water moccasin barely misses you.
You hit the water moccasin but do no damage.
The water moccasin is moderately wounded.
You feel very sick. The water moccasin bites you.
You closely miss the water moccasin.
The water moccasin is moderately wounded.
You feel sick.
The water moccasin bites you but does no damage.
The water moccasin bites you.
You are more poisoned.
The water moccasin poisons you!
Unknown command.
You closely miss the water moccasin.
The water moccasin is moderately wounded.
* * * LOW HITPOINT WARNING * * *
You feel very sick. The water moccasin bites you.
* * * LOW HITPOINT WARNING * * *
It was a potion of might.
You feel very mighty all of a sudden.
* * * LOW HITPOINT WARNING * * *
You feel very sick. The water moccasin bites you.
* * * LOW HITPOINT WARNING * * *
The water moccasin bites you.
* * * LOW HITPOINT WARNING * * *
It was a potion of resistance.
You feel protected.
You die...

.. #..# #..#
##.## ..
##.## ##.
##.### #..
#...## #.. .
##...# #..
...## #...#
...
......##@.##
..§§...S..#
§~§.§.....#
§§§.[.....#
.§.§~.....#
...~...##..
......# ##..
####.# #..
.# ...


You could see a water moccasin.

Vanquished Creatures
  An iguana (D:4)
  Robin (D:3)
  4 adders
  2 worms (D:2)
  3 dart slugs
  6 orcs (D:3)
  3 ball pythons
  7 bats
  6 endoplasms
  3 giant cockroaches
  18 goblins
  11 hobgoblins
  11 jackals
  2 quokkas
  3 frilled lizards (D:1)
  4 kobolds
  5 rats
90 creatures vanquished.

Vanquished Creatures (others)
  A plant (D:1)
1 creature vanquished.

Grand Total: 91 creatures vanquished

Notes
Turn   | Place    | Note
-------+----------+-------------------------------------------
     0 | D:1      | PyroL the Draconian Warper began the quest for the Orb.
     0 | D:1      | Reached XP level 1. HP: 17/17 MP: 3/3
   130 | D:1      | Reached XP level 2. HP: 23/25 MP: 5/5
   337 | D:1      | Reached XP level 3. HP: 24/30 MP: 6/6
   545 | D:1      | Learned a level 2 spell: Blink
   669 | D:2      | Found a snail-covered altar of Cheibriados.
  1187 | D:2      | Reached XP level 4. HP: 30/38 MP: 8/8
  1563 | D:3      | Found a shimmering blue altar of Sif Muna.
  1563 | D:3      | Noticed Robin
  1594 | D:3      | Killed Robin
  1631 | D:3      | Found an iron altar of Okawaru.
  2052 | D:3      | Reached XP level 5. HP: 45/45 MP: 11/11
  2502 | D:4      | Noticed an ogre
  2996 | D:4      | Found a stormy altar of Qazlal.
  2999 | D:4      | Noticed a water moccasin
  3012 | D:4      | HP: 2/45 [water moccasin (5)]
  3013 | D:4      | Succumbed to a water moccasin's poison

Illustrated notes

Levels and vault maps discovered:
D:1:      mrwooster_arrival_statue, layout_basic, st_stairs_5,
          minmay_misc_feat_enclosed, serial_bayou_pond_c, minmay_hexomino_c4
D:2:      minmay_chambers_of_twos, layout_rooms, basic_altar
D:3:      layout_basic, okawaru_ov_weapons_minmay, led_sif_pool, st_stairs_6,
          uniq_robin
D:4:      layout_layer_cave, nicolae_qazlal_scattered_showers

Skill      XL: |  1  2  3  4  5 |
---------------+----------------+-----
Fighting       | 3 |  3.1
Spellcasting   | 3 4 |  4.0
Translocations | 4 |  4.3
Maces & Flails | |  2.0
Throwing       | |  0.9
Dodging        | |  2.1

Action                   |  1- 3 |  4- 6 || total
-------------------------+-------+-------++-------
Melee: Mace              |   159 |       ||   159
       Tailslap          |    19 |    24 ||    43
       Punch             |     2 |     1 ||     3
       Dagger            |    26 |   134 ||   160
  Use: Scroll            |       |     2 ||     2
       Potion            |       |     2 ||     2
Armor: Skin              |    84 |    38 ||   122
Dodge: Dodged            |   140 |    77 ||   217

Table legend: (Time is in decaauts)
 A = Elapsed time spent in this place.
 B = Non-inter-level travel time spent in this place.
 C = Inter-level travel time spent in this place.
 D = Time resting spent in this place.
 E = Time spent auto-exploring this place.
 F = Levels seen in this place.
 G = Mean time per level.
                   A        B        C        D        E       F      G
               +--------+--------+--------+--------+--------+-----+--------+
         Total |   3067 |   2982 |     85 |    426 |   1708 |   4 |  766.8 |
       Dungeon |   3067 |   2982 |     85 |    426 |   1708 |   4 |  766.8 |
               +--------+--------+--------+--------+--------+-----+--------+

Top non-repeatable levels by time:
     D:3: 1353 daAuts
     D:2: 709 daAuts
     D:1: 698 daAuts
     D:4: 306 daAuts
